Map: Ruins of Seras

Players

Miltreta

  • Race: Terran Terran
  • League: Bronze

BunBoHue - Winner!

  • Race: Terran Terran

VOD

Have the link to the VOD?

Description

Time

  • Played on: March 10, 2016, 4:47 p.m.
  • Length: 11:10
Show
View Real Time Build Order
Export as new Build Order

Miltreta Terran 

Build Orders:  

Get SALT Encoding   

  12  0:01  SCV  
  13  0:14  SCV  
  14  0:23  Supply Depot  
  14  0:29  SCV  
  15  0:37  Refinery  
  15  0:45  SCV  
  15  0:47  Barracks  
  16  0:57  SCV  
  17  1:08  Supply Depot  
  17  1:10  SCV  
  18  1:23  SCV  
  19  1:34  Marine  
  20  1:41  SCV  
  20  1:45  Refinery  
  21  1:54  Reaper  
  21  1:56  Orbital Command  
  22  2:10  Engineering Bay  
  22  2:15  Supply Depot  
  22  2:22  SCV  
  23  2:35  Marine  
  24  2:50  Barracks  
  24  3:02  Command Center  
  24  3:31  Barracks Reactor  
  24  3:39  Marine  
  25  3:46  SCV  
  26  3:48  Factory  
  26  4:14  Marine x2  
  26  4:15  Barracks Tech Lab  
  28  4:22  SCV  
  29  4:27  Supply Depot  
  29  4:29  SCV  
  30  4:37  Reaper  
  31  4:38  Marine  
  31  4:40  Marauder  
  31  4:41  Combat Shields  
  31  4:43  Terran Infantry Weapons Level 1  
  34  4:48  SCV  
  34  4:50  SCV  
  36  4:53  Refinery  
  36  5:04  Factory Tech Lab  
  36  5:05  Factory  
  36  5:12  Starport  
  36  5:19  Barracks  
  36  5:22  Marine x2  
  36  5:24  Marauder  
  36  5:25  Widow Mine  
  42  5:34  SCV  
  44  5:43  Orbital Command  
  44  5:46  SCV  
  44  5:57  Engineering Bay  
  44  5:58  SCV  
  44  6:00  Concussive Shells  
  44  6:01  Armory  
  45  6:10  Factory Reactor, SCV  
  46  6:17  Medivac  
  48  6:30  Marine  
  48  6:31  Marine  
  50  6:35  Marauder  
  52  6:47  Medivac  
  52  6:52  Widow Mine  
  56  6:55  Thor  
  62  7:22  Command Center  
  62  7:55  Supply Depot  
  62  7:59  Marauder, Marine x2  
  62  8:03  Supply Depot  
  66  8:10  SCV  
  66  8:11  SCV  
  68  8:19  Terran Infantry Weapons Level 2, Terran Infantry Armor Level 1  
  68  8:22  SCV, Terran Vehicle And Ship Armor Level 1  
  68  8:23  SCV  
  68  8:25  Marine  
  68  8:26  Marauder, Marine  
  74  8:32  Hellbat x2  
  74  8:34  Thor  
  84  8:43  Reaper  
  84  8:44  Reaper  
  50  9:24  Liberator  
  50  9:28  Marine  
  50  9:29  Marine  
  50  9:31  Marauder  
  54  9:34  Widow Mine x2  
  54  9:35  Widow Mine  
  63  9:46  Marine x2  
  62  10:07  Liberator  
  62  10:19  Missile Turret  
  57  10:42  Marine  
  45  10:43  Marine x2  
Show
View Real Time Build Order
Export as new Build Order

BunBoHue Terran - Winner!

Build Orders: MMM Bio 

Get SALT Encoding   

  12  0:01  SCV  
  13  0:13  SCV  
  14  0:25  Supply Depot  
  14  0:26  SCV  
  15  0:46  SCV  
  15  0:48  Barracks  
  16  0:58  SCV  
  17  1:10  SCV  
  18  1:17  Barracks  
  18  1:20  Refinery  
  18  1:24  SCV  
  19  1:36  SCV  
  20  1:42  Supply Depot  
  20  1:49  Orbital Command  
  20  2:01  Barracks Tech Lab  
  20  2:14  Command Center  
  20  2:18  Marine  
  21  2:36  Marine  
  22  2:44  Reaper  
  23  2:54  Reaper  
  24  3:00  Engineering Bay, SCV  
  25  3:12  SCV  
  26  3:13  Engineering Bay  
  26  3:18  Stimpack  
  26  3:34  Refinery  
  26  3:37  Orbital Command  
  26  3:40  Refinery  
  26  3:42  SCV  
  26  3:45  Barracks Reactor  
  27  3:54  Barracks, SCV  
  28  4:06  SCV  
  29  4:16  SCV  
  30  4:18  SCV  
  31  4:28  SCV  
  31  4:30  SCV  
  33  4:36  Marine x2  
  33  4:38  Factory  
  35  4:39  Marauder  
  35  4:40  SCV  
  35  4:42  SCV  
  39  4:52  SCV  
  40  4:54  Marine x2, SCV  
  40  4:57  Refinery  
  43  5:00  Marauder, Supply Depot  
  43  5:04  SCV  
  46  5:09  Barracks Reactor  
  46  5:17  Factory  
  46  5:21  Starport, Marine x2, SCV  
  46  5:23  Supply Depot  
  46  5:25  Factory Tech Lab  
  46  5:26  Combat Shields  
  49  5:29  Terran Infantry Armor Level 1  
  49  5:31  SCV  
  49  5:33  SCV  
  51  5:43  SCV  
  51  5:45  Siege Tank, SCV  
  51  5:46  Supply Depot  
  56  5:55  SCV  
  57  5:58  SCV  
  57  6:03  Starport Reactor  
  58  6:08  Barracks, SCV  
  58  6:10  SCV  
  60  6:20  SCV  
  60  6:22  SCV  
  62  6:28  Marine x2  
  62  6:29  Marine  
  62  6:32  SCV  
  66  6:33  Marine x2  
  66  6:34  SCV  
  66  6:37  Supply Depot  
  69  6:44  Supply Depot, SCV  
  70  6:58  Medivac x2, Marine x4  
  70  7:00  Marauder  
  80  7:10  Missile Turret  
  80  7:16  Marine x2  
  80  7:17  Missile Turret  
  80  7:21  Marauder  
  84  7:26  Marine x3  
  84  7:28  Medivac x2  
  91  7:32  Missile Turret  
  91  7:34  Marine x2  
  93  7:37  Missile Turret  
  93  7:44  Marine  
  93  7:47  Missile Turret  
  94  7:55  Missile Turret  
  94  7:58  Supply Depot, Missile Turret  
  94  8:03  Supply Depot  
  94  8:04  Terran Infantry Weapons Level 1  
  94  8:08  Missile Turret  
  94  8:09  Armory  
  99  8:20  Marauder, Siege Tank  
  99  8:21  Supply Depot  
  99  8:33  Marine x2  
  99  8:34  Marine x3  
  106  8:41  Marauder  
  106  8:44  Supply Depot  
  106  8:51  Marine x2  
  106  8:52  Siege Tank  
  98  9:03  Marauder  
  93  9:11  Marine x2  
  93  9:12  Marine x3  
  98  9:24  Marauder, Siege Tank  
  103  9:29  Marine x4  
  103  9:30  Marine  
  109  9:45  Marauder  
  109  9:47  Marine x5  
  114  9:56  Siege Tank  
  117  10:05  Marine x5  
  124  10:07  Marauder  
  124  10:22  Marine  
  124  10:23  Marine  
  124  10:28  Marine  
  126  10:32  Marauder  
  126  10:38  Marine x2  
  126  10:40  Marine x2  
  124  10:46  Marine  
  125  10:54  Supply Depot  
Tags
 
Composition
MMM Bio
League
Bronze
Matchup
TvT
Race
Terran
Add a new tag
Caveats
  • Supply blocks, unpowered buildings, or Contaminate may cause inaccurate times.
  • Supply counts are checked every 10 seconds.